 Dungeon Crawl Stone Soup version 0.23-a0-814-g91b4073 (webtiles) character file.

4767 tidbits the Magician (level 10, -5/79 HPs)
             Began as a Gnoll Skald on Jan 20, 2019.
             Was a Believer of Cheibriados.
             Slain by a seven-headed hydra (10 damage)
             ... on level 1 of the Lair of Beasts on Jan 21, 2019.
             The game lasted 00:31:57 (2872 turns).

tidbits the Magician (Gnoll Skald)                  Turns: 2872, Time: 00:31:58

Health: -5/79      AC:  7    Str: 20    XL:     10   Next: 47%
Magic:  18/21      EV: 16    Int: 23    God:    Cheibriados [**....]
Gold:   313        SH:  0    Dex: 19    Spells: 8/23 levels left

rFire    . . .     SeeInvis +   a - +4 trident
rCold    + . .     Gourm    .   (no shield)
rNeg     . . .     Faith    .   B - +0 ring mail
rPois    +         Spirit   .   E - +0 helmet of Miotzol {rC+ Regen+ Stlth-}
rElec    .         Reflect  .   (no cloak)
rCorr    .         Harm     .   (no gloves)
MR       .....                  (no boots)
Stlth    ++........             j - amulet of magic regeneration
HPRegen  0.63/turn              P - ring of poison resistance
MPRegen  0.42/turn              I - ring of see invisible

@: very slow
A: distributed training, fangs 1, strong nose
a: Bend Time, Renounce Religion


You were on level 1 of the Lair of Beasts.
You worshipped Cheibriados.
Cheibriados was pleased with you.
You were not hungry.

You visited 3 branches of the dungeon, and saw 12 of its levels.

You collected 313 gold pieces.

Inventory:

Hand Weapons
 a - a +4 trident (weapon)
 c - a +0 spear
 h - a +0 flail
 n - a +0 dagger
 u - a +0 morningstar
 x - a +1 great mace of holy wrath
   (You acquired it on level 7 of the Dungeon)
 y - a +0 short sword of protection
   (You found it on level 5 of the Dungeon)
 G - a +0 shortbow
 H - a +0 flail of protection
   (You took it off an orc on level 6 of the Dungeon)
 Q - a +0 war axe
 S - a +0 trident
 T - a +0 broad axe
Missiles
 k - 16 stones
 l - 9 tomahawks (quivered)
 q - 92 arrows
 K - 41 bolts
 N - 2 throwing nets {!f}
 U - 2 curare-tipped needles
Armour
 b - a +0 leather armour
 g - a +0 ring mail
 r - a +0 helmet
 B - a +0 ring mail (worn)
 E - the +0 helmet of Miotzol (worn) {rC+ Regen+ Stlth-}
   (You took it off Robin on level 4 of the Dungeon)

   It protects you from cold.
   It increases your rate of regeneration.
   It makes you less stealthy.
 F - a cursed -1 robe
Jewellery
 j - an amulet of magic regeneration (around neck)
   (You found it on level 2 of the Dungeon)
 z - a cursed amulet of inaccuracy
   (You found it on level 7 of the Dungeon)
 D - an uncursed ring of teleportation
   (You found it on level 7 of the Dungeon)
 I - a ring of see invisible (right hand)
   (You took it off an orc on level 6 of the Dungeon)
 P - a ring of poison resistance (left hand)
   (You found it on level 4 of the Dungeon)
Wands
 p - a wand of paralysis (10)
 C - a wand of enslavement (4)
 M - a wand of flame (23)
Scrolls
 e - 2 scrolls of amnesia
 i - a scroll of fear
 s - a scroll of noise {unknown}
 t - 2 scrolls of teleportation
 J - a scroll of remove curse
 L - a scroll of enchant weapon {unknown}
 O - a scroll of enchant armour {unknown}
Potions
 f - a potion of flight {unknown}
 m - a potion of heal wounds
 o - 2 potions of curing
 v - a potion of lignification
 w - 2 potions of degeneration {unknown}
 A - a potion of cancellation
 R - 2 potions of might
 V - a potion of haste {unknown}
Comestibles
 d - 7 rations


   Skills:
 + Level 7.0 Fighting
 + Level 5.2 Short Blades
 + Level 5.2 Long Blades
 + Level 5.2 Axes
 + Level 5.2 Maces & Flails
 + Level 7.0 Polearms
 + Level 5.2 Staves
 + Level 5.2 Slings
 + Level 5.2 Bows
 + Level 5.2 Crossbows
 + Level 5.2 Throwing
 + Level 5.9 Armour
 + Level 7.0 Dodging
 + Level 5.2 Stealth
 + Level 5.2 Shields
 + Level 5.2 Unarmed Combat
 + Level 7.3 Spellcasting
 + Level 4.3 Conjurations
 + Level 4.3 Hexes
 + Level 7.0 Charms
 + Level 4.3 Summonings
 + Level 4.3 Necromancy
 + Level 4.3 Translocations
 + Level 4.3 Transmutations
 + Level 4.3 Fire Magic
 + Level 4.3 Ice Magic
 + Level 4.3 Air Magic
 + Level 4.3 Earth Magic
 + Level 4.3 Poison Magic
 + Level 5.7 Invocations
 + Level 5.2 Evocations


You had 8 spell levels left.
You knew the following spells:

 Your Spells              Type           Power        Failure   Level  Hunger
b - Blink                 Tloc           N/A          3%          2    None
g - Shroud of Golubria    Chrm/Tloc      ####......   1%          2    None
m - Mephitic Cloud        Conj/Pois/Air  ####....     6%          3    None
r - Regeneration          Chrm/Necr      ####......   3%          3    None
w - Spectral Weapon       Hex/Chrm       ####....     3%          3    None
y - Song of Slaying       Chrm           #####...     1%          2    None

Your spell library contained the following spells:

 Spells                   Type           Power        Failure   Level  Hunger
 Corona                   Hex            ####...      1%          1    None
 Infusion                 Chrm           ####         1%          1    None
 Magic Dart               Conj           ####         1%          1    None
 Call Imp                 Summ           ####....     3%          2    None
 Ensorcelled Hibernation  Hex/Ice        ####..       3%          2    None
 Slow                     Hex            ####....     3%          2    None
 Confuse                  Hex            ####....     6%          3    None
 Conjure Flame            Conj/Fire      ####....     6%          3    None
 Dazzling Spray           Conj/Hex       ####..       6%          3    None
 Tukima's Dance           Hex            ####....     6%          3    None


Dungeon Overview and Level Annotations

Branches:
Dungeon (9/15)             Temple (1/1) D:5            Lair (2/6) D:9
  Swamp: Lair:2-4    Shoals: Lair:2-4     Snake: Lair:2-4    Spider: Lair:2-4
    Orc: D:9-12

Altars:
Cheibriados
Dithmenos
Hepliaklqana
Kikubaaqudgha
Makhleb
Nemelex Xobeh
Okawaru
Qazlal
Ru
Sif Muna
Trog
Vehumet
Wu Jian
Xom
Yredelemnul


Innate Abilities, Weirdness & Mutations

Your experience applies equally to all skills.
You have very sharp teeth.
Your uncanny sense of smell can sniff out nearby items.


Message History

You see here 20 gold pieces.
You now have 313 gold pieces (gained 20).
Your shroud unravels.
Found 14 stones.
Found a whip.
Unknown command.
A black mamba comes into view.
Unknown command.
Casting: Spectral Weapon (safe; 3% risk of failure)
Confirm with . or Enter, or press ? or * to list all spells.
You draw out your weapon's spirit!
Unknown command.
You see here 14 stones.
Attack whom?
Press: ? - help, Dir - move target cursor, f - black mamba
Aim: a black mamba (resting)
You reach to attack!
The helpless black mamba fails to defend itself.
You impale the black mamba!!
The black mamba is severely wounded.
Your spectral weapon hits the black mamba.
The black mamba bites you but does no damage.
You miss the black mamba. You bite the black mamba.
The black mamba is severely wounded.
Your spectral weapon hits the black mamba!
The black mamba bites your spectral weapon.
Your spectral weapon shares its damage with you!
You catch the helpless black mamba completely off-guard!
You puncture the black mamba!
You kill the black mamba!
Cheibriados thoroughly appreciates the change of pace.
Your Fighting skill increases to level 7!
Your Polearms skill increases to level 7!
Your Dodging skill increases to level 7!
Your spectral weapon fades away.
Found a murky amethyst potion.
Unknown command.
Found a scroll of remove curse.
Unknown command.
You see here a murky amethyst potion.
V - a murky amethyst potion A seven-headed hydra comes into view.
Unknown command.
Evoke which item? (* to show all) (? for menu, Esc to quit)
Aiming: Throw Flame
Press: ? - help, Shift-Dir - straight line, f - seven-headed hydra
Aim: a seven-headed hydra The puff of flame hits the seven-headed hydra!
The seven-headed hydra is lightly wounded.
Evoke which item? (* to show all) (? for menu, Esc to quit)
Aiming: Throw Flame
Press: ? - help, Shift-Dir - straight line, f/p - seven-headed hydra
Aim: a seven-headed hydra (lightly wounded)
The puff of flame hits the seven-headed hydra!
The seven-headed hydra is lightly wounded.
Casting: Spectral Weapon (safe; 3% risk of failure)
Confirm with . or Enter, or press ? or * to list all spells.
Space distorts slightly along a thin shroud covering your body.
Casting: Shroud of Golubria (safe; 1% risk of failure)
Confirm with . or Enter, or press ? or * to list all spells.
You draw out your weapon's spirit!
Unknown command.
Attack whom?
Press: ? - help, Dir - move target cursor, f/p - seven-headed hydra
Aim: a seven-headed hydra (lightly wounded)
You reach to attack!
You hit the seven-headed hydra.
The seven-headed hydra is lightly wounded.
Your spectral weapon hits the seven-headed hydra.
You puncture the seven-headed hydra! You bite the seven-headed hydra.
The seven-headed hydra is moderately wounded.
Your spectral weapon hits the seven-headed hydra from afar!
The seven-headed hydra closely misses you.
The seven-headed hydra misses you.
The seven-headed hydra completely misses you.
The seven-headed hydra bites you!
Your shroud falls apart!
The seven-headed hydra misses you. The seven-headed hydra bites you! x2
You hit the seven-headed hydra. You bite the seven-headed hydra.
The seven-headed hydra is heavily wounded.
Your spectral weapon hits the seven-headed hydra from afar!
The seven-headed hydra bites you! x2
* * * LOW HITPOINT WARNING * * *
The seven-headed hydra bites you.
* * * LOW HITPOINT WARNING * * *
The seven-headed hydra misses you. x2
The seven-headed hydra bites you but does no damage.
The seven-headed hydra bites you!
* * * LOW HITPOINT WARNING * * *
You hit the seven-headed hydra. You bite the seven-headed hydra.
The seven-headed hydra is severely wounded.
Your spectral weapon hits the seven-headed hydra but does no damage.
The seven-headed hydra bites you!
* * * LOW HITPOINT WARNING * * *
The seven-headed hydra bites you but does no damage.
The seven-headed hydra bites you.
* * * LOW HITPOINT WARNING * * *
The seven-headed hydra misses you. x2
The seven-headed hydra barely misses you.
The seven-headed hydra bites you!
You die...

#...##.# #.....#
##.....## ##
#.......###.###
#.............##
#...............
#........##.##.
#........##.##
##..##.D@....#
#P.. #...?......
.......(.........
..............#..
...............
#..............
............#..
#...####...##..


You could see a seven-headed hydra and a friendly spectral +4 trident.

Vanquished Creatures
  Pikel (D:5)
  An elephant (Lair:1)
  A black mamba (Lair:1)
  A hippogriff (D:9)
  A wraith (D:6)
  Duvessa (D:7)
  2 orc warriors
  2 ice beasts
  A phantom (D:7)
  3 ogres
  3 centaurs
  2 bullfrogs
  A wyvern zombie (D:9)
  A scorpion (D:6)
  7 wights (D:9)
  9 killer bees
  A bullfrog zombie (D:5)
  4 howler monkeys
  A crimson imp (D:5)
  A centaur zombie (D:5)
  A centaur skeleton (D:8)
  2 bullfrog skeletons
  5 hounds
  2 jellies
  An orc priest (D:8)
  2 iguanas
  5 worker ants
  8 orc wizards
  A hound zombie (D:5)
  A hound skeleton (D:6)
  Robin (D:4)
  A worker ant zombie (D:8)
  7 adders
  10 gnolls
  A shadow imp (D:7)
  2 adder zombies
  An ooze (D:3)
  A worm (D:5)
  A dart slug (D:1)
  32 orcs
  3 giant cockroaches (D:7)
  13 goblins
  13 hobgoblins
  4 jackals
  6 kobolds
  3 quokkas
  2 ball pythons (D:2)
  5 bats
  2 frilled lizards (D:3)
  A quokka skeleton (D:5)
  3 rats
184 creatures vanquished.

Vanquished Creatures (collateral kills)
  Dowan (D:7)
1 creature vanquished.

Vanquished Creatures (others)
  An orc wizard (D:5)
  2 orcs (D:5)
  2 spectral weapons
5 creatures vanquished.

Grand Total: 190 creatures vanquished

Notes
Turn   | Place    | Note
-------+----------+-------------------------------------------
     0 | D:1      | tidbits the Gnoll Skald began the quest for the Orb.
     0 | D:1      | Reached XP level 1. HP: 20/20 MP: 6/6
   105 | D:2      | Reached XP level 2. HP: 26/26 MP: 7/7
   109 | D:2      | Learned a level 2 spell: Shroud of Golubria
   112 | D:2      | Learned a level 2 spell: Song of Slaying
   182 | D:2      | Reached XP level 3. HP: 31/31 MP: 0/9
   187 | D:2      | Learned a level 3 spell: Spectral Weapon
   191 | D:2      | Learned a level 3 spell: Regeneration
   213 | D:2      | Reached skill level 5 in Spellcasting
   312 | D:2      | Reached skill level 1 in Invocations
   434 | D:3      | Reached skill level 1 in Short Blades
   434 | D:3      | Reached skill level 1 in Long Blades
   434 | D:3      | Reached skill level 1 in Axes
   434 | D:3      | Reached skill level 1 in Maces & Flails
   434 | D:3      | Reached skill level 1 in Staves
   434 | D:3      | Reached skill level 1 in Slings
   434 | D:3      | Reached skill level 1 in Bows
   434 | D:3      | Reached skill level 1 in Crossbows
   434 | D:3      | Reached skill level 1 in Throwing
   434 | D:3      | Reached skill level 1 in Stealth
   434 | D:3      | Reached skill level 1 in Shields
   434 | D:3      | Reached skill level 1 in Unarmed Combat
   434 | D:3      | Reached skill level 1 in Evocations
   447 | D:4      | Reached XP level 4. HP: 33/38 MP: 8/11
   493 | D:4      | Noticed an ogre
   500 | D:4      | Killed an ogre
   500 | D:4      | Reached skill level 3 in Armour
   500 | D:4      | Reached skill level 1 in Conjurations
   500 | D:4      | Reached skill level 1 in Hexes
   500 | D:4      | Reached skill level 1 in Summonings
   500 | D:4      | Reached skill level 1 in Necromancy
   500 | D:4      | Reached skill level 1 in Translocations
   500 | D:4      | Reached skill level 1 in Transmutations
   500 | D:4      | Reached skill level 1 in Fire Magic
   500 | D:4      | Reached skill level 1 in Ice Magic
   500 | D:4      | Reached skill level 1 in Air Magic
   500 | D:4      | Reached skill level 1 in Earth Magic
   500 | D:4      | Reached skill level 1 in Poison Magic
   500 | D:4      | Reached XP level 5. HP: 32/43 MP: 8/12
   681 | D:4      | Reached XP level 6. HP: 31/50 MP: 10/13
   711 | D:4      | Reached skill level 2 in Invocations
   724 | D:4      | Found a hazy altar of Hepliaklqana.
   771 | D:5      | Entered Level 5 of the Dungeon
   771 | D:5      | Noticed Pikel
   771 | D:5      | Noticed a slave
   771 | D:5      | Noticed a slave
   771 | D:5      | Noticed a slave
   771 | D:5      | Noticed a slave
   791 | D:5      | Killed Pikel
   791 | D:5      | Reached skill level 5 in Fighting
   791 | D:5      | Reached skill level 2 in Short Blades
   791 | D:5      | Reached skill level 2 in Long Blades
   791 | D:5      | Reached skill level 2 in Axes
   791 | D:5      | Reached skill level 2 in Maces & Flails
   791 | D:5      | Reached skill level 5 in Polearms
   791 | D:5      | Reached skill level 2 in Staves
   791 | D:5      | Reached skill level 2 in Slings
   791 | D:5      | Reached skill level 2 in Bows
   791 | D:5      | Reached skill level 2 in Crossbows
   791 | D:5      | Reached skill level 2 in Throwing
   791 | D:5      | Reached skill level 5 in Dodging
   791 | D:5      | Reached skill level 2 in Stealth
   791 | D:5      | Reached skill level 2 in Shields
   791 | D:5      | Reached skill level 2 in Unarmed Combat
   791 | D:5      | Reached skill level 2 in Conjurations
   791 | D:5      | Reached skill level 2 in Hexes
   791 | D:5      | Reached skill level 2 in Summonings
   791 | D:5      | Reached skill level 2 in Necromancy
   791 | D:5      | Reached skill level 2 in Translocations
   791 | D:5      | Reached skill level 2 in Transmutations
   791 | D:5      | Reached skill level 2 in Fire Magic
   791 | D:5      | Reached skill level 2 in Ice Magic
   791 | D:5      | Reached skill level 2 in Air Magic
   791 | D:5      | Reached skill level 2 in Earth Magic
   791 | D:5      | Reached skill level 2 in Poison Magic
   791 | D:5      | Reached skill level 3 in Invocations
   791 | D:5      | Reached skill level 2 in Evocations
   791 | D:5      | Reached XP level 7. HP: 16/56 MP: 6/15
   871 | D:5      | Reached XP level 8. HP: 57/63 MP: 10/16
   885 | D:5      | Reached skill level 6 in Charms
   904 | D:5      | Found an iron altar of Okawaru.
   964 | D:4      | Learned a level 3 spell: Mephitic Cloud
   981 | D:4      | Identified the cursed +0 helmet of Miotzol {rC+ Regen+
                  | Stlth-}
   981 | D:4      | Noticed Robin
   986 | D:4      | Killed Robin
   986 | D:4      | Reached skill level 4 in Armour
  1065 | D:5      | Reached skill level 3 in Short Blades
  1065 | D:5      | Reached skill level 3 in Long Blades
  1065 | D:5      | Reached skill level 3 in Axes
  1065 | D:5      | Reached skill level 3 in Maces & Flails
  1065 | D:5      | Reached skill level 3 in Staves
  1065 | D:5      | Reached skill level 3 in Slings
  1065 | D:5      | Reached skill level 3 in Bows
  1065 | D:5      | Reached skill level 3 in Crossbows
  1065 | D:5      | Reached skill level 3 in Throwing
  1065 | D:5      | Reached skill level 3 in Stealth
  1065 | D:5      | Reached skill level 3 in Shields
  1065 | D:5      | Reached skill level 3 in Unarmed Combat
  1065 | D:5      | Reached skill level 3 in Evocations
  1076 | D:5      | Learned a level 2 spell: Blink
  1184 | D:5      | Reached skill level 6 in Spellcasting
  1348 | D:7      | Identified a scroll of acquirement
  1393 | D:7      | Found a sacrificial altar of Ru.
  1494 | D:7      | Noticed Duvessa
  1496 | D:7      | Noticed Dowan
  1507 | D:7      | Killed Dowan
  1534 | D:7      | Killed Duvessa
  1534 | D:7      | Reached skill level 3 in Conjurations
  1534 | D:7      | Reached skill level 3 in Hexes
  1534 | D:7      | Reached skill level 3 in Summonings
  1534 | D:7      | Reached skill level 3 in Necromancy
  1534 | D:7      | Reached skill level 3 in Translocations
  1534 | D:7      | Reached skill level 3 in Transmutations
  1534 | D:7      | Reached skill level 3 in Fire Magic
  1534 | D:7      | Reached skill level 3 in Ice Magic
  1534 | D:7      | Reached skill level 3 in Air Magic
  1534 | D:7      | Reached skill level 3 in Earth Magic
  1534 | D:7      | Reached skill level 3 in Poison Magic
  1534 | D:7      | Reached skill level 4 in Invocations
  1566 | D:6      | Noticed a wraith
  1581 | D:6      | Killed a wraith
  1581 | D:6      | Reached skill level 6 in Fighting
  1581 | D:6      | Reached skill level 6 in Polearms
  1581 | D:6      | Reached skill level 6 in Dodging
  1581 | D:6      | Reached XP level 9. HP: 49/69 MP: 15/18
  1628 | D:6      | Reached skill level 4 in Short Blades
  1628 | D:6      | Reached skill level 4 in Long Blades
  1628 | D:6      | Reached skill level 4 in Axes
  1628 | D:6      | Reached skill level 4 in Maces & Flails
  1628 | D:6      | Reached skill level 4 in Staves
  1628 | D:6      | Reached skill level 4 in Slings
  1628 | D:6      | Reached skill level 4 in Bows
  1628 | D:6      | Reached skill level 4 in Crossbows
  1628 | D:6      | Reached skill level 4 in Throwing
  1628 | D:6      | Reached skill level 4 in Stealth
  1628 | D:6      | Reached skill level 4 in Shields
  1628 | D:6      | Reached skill level 4 in Unarmed Combat
  1628 | D:6      | Reached skill level 4 in Evocations
  1638 | D:6      | HP: 5/69 [hound (2)]
  1757 | D:6      | Reached skill level 5 in Armour
  2015 | D:5      | Found a staircase to the Ecumenical Temple.
  2019 | Temple   | Entered the Ecumenical Temple
  2056 | Temple   | Became a worshipper of Cheibriados the Contemplative
  2281 | D:8      | Reached * piety under Cheibriados
  2319 | D:8      | Reached skill level 5 in Invocations
  2538 | D:8      | Found an ancient bone altar of Kikubaaqudgha.
  2538 | D:8      | Found a shadowy altar of Dithmenos.
  2574 | D:9      | Reached XP level 10. HP: 73/77 MP: 20/20
  2577 | D:9      | Reached skill level 7 in Spellcasting
  2580 | D:9      | Reached ** piety under Cheibriados
  2634 | D:9      | Reached skill level 4 in Conjurations
  2634 | D:9      | Reached skill level 4 in Hexes
  2634 | D:9      | Reached skill level 4 in Summonings
  2634 | D:9      | Reached skill level 4 in Necromancy
  2634 | D:9      | Reached skill level 4 in Translocations
  2634 | D:9      | Reached skill level 4 in Transmutations
  2634 | D:9      | Reached skill level 4 in Fire Magic
  2634 | D:9      | Reached skill level 4 in Ice Magic
  2634 | D:9      | Reached skill level 4 in Air Magic
  2634 | D:9      | Reached skill level 4 in Earth Magic
  2634 | D:9      | Reached skill level 4 in Poison Magic
  2732 | D:9      | Reached skill level 5 in Short Blades
  2732 | D:9      | Reached skill level 5 in Long Blades
  2732 | D:9      | Reached skill level 5 in Axes
  2732 | D:9      | Reached skill level 5 in Maces & Flails
  2732 | D:9      | Reached skill level 5 in Staves
  2732 | D:9      | Reached skill level 5 in Slings
  2732 | D:9      | Reached skill level 5 in Bows
  2732 | D:9      | Reached skill level 5 in Crossbows
  2732 | D:9      | Reached skill level 5 in Throwing
  2732 | D:9      | Reached skill level 5 in Stealth
  2732 | D:9      | Reached skill level 5 in Shields
  2732 | D:9      | Reached skill level 5 in Unarmed Combat
  2732 | D:9      | Reached skill level 5 in Evocations
  2753 | D:9      | Found a staircase to the Lair.
  2754 | D:9      | Upgraded the game from 0.23-a0-808-gd21de94 to
                  | 0.23-a0-814-g91b4073
  2772 | Lair:1   | Entered Level 1 of the Lair of Beasts
  2792 | Lair:2   | Noticed an elephant
  2792 | Lair:2   | Noticed an elephant
  2793 | Lair:2   | Noticed an elephant
  2808 | Lair:1   | Killed an elephant
  2808 | Lair:1   | Reached skill level 7 in Charms
  2837 | Lair:1   | Noticed a black mamba
  2846 | Lair:1   | Killed a black mamba
  2846 | Lair:1   | Reached skill level 7 in Fighting
  2846 | Lair:1   | Reached skill level 7 in Polearms
  2846 | Lair:1   | Reached skill level 7 in Dodging
  2864 | Lair:1   | Noticed a seven-headed hydra
  2872 | Lair:1   | HP: 6/79 [seven-headed hydra (14)]
  2872 | Lair:1   | Slain by a seven-headed hydra

Vault maps used:
D:1:      matt_arrival_debris, minmay_3d_cube
D:2:      cheibrodos_old_hovel, nicolae_tso_swordbearing_angel,
          uniq_crazy_yiuf_cottage, uniq_natasha
D:3:      first_ration, uniq_jessica
D:4:      corexii_shantytown, lemuel_doored_altar, uniq_robin
D:5:      okawaru_metal_pillars_1_2, minmay_temple_entry_glassed_door,
          uniq_pikel
D:7:      kennysheep_little_box, uniq_duvessa
D:8:      nicolae_overflow_hidden_temple
D:9:      lair_entry_dummy, serial_shops, kennysheep_mini_moat,
          gammafunk_ghost_nasty_kobolds
Temple:   eino_temple_scatter_basement
Lair:1:   infiniplex_staircase_pool, lemuel_fruit_fields
Lair:2:   skrybe_swamp_entry_bodies, ebering_ghost_xom, serial_bayou_pond_b,
          serial_bayou_shore_a

Skill      XL: |  1  2  3  4  5  6  7  8  9 10 |
---------------+-------------------------------+-----
Spellcasting   | 5 6 7 |  7.3
Invocations    | 1 3 4 5 |  5.7
Short Blades   | 1 2 3 4 5 |  5.2
Long Blades    | 1 2 3 4 5 |  5.2
Axes           | 1 2 3 4 5 |  5.2
Maces & Flails | 1 2 3 4 5 |  5.2
Staves         | 1 2 3 4 5 |  5.2
Slings         | 1 2 3 4 5 |  5.2
Bows           | 1 2 3 4 5 |  5.2
Crossbows      | 1 2 3 4 5 |  5.2
Throwing       | 1 2 3 4 5 |  5.2
Stealth        | 1 2 3 4 5 |  5.2
Shields        | 1 2 3 4 5 |  5.2
Unarmed Combat | 1 2 3 4 5 |  5.2
Evocations     | 1 2 3 4 5 |  5.2
Armour         | 3 4 5 |  5.9
Conjurations   | 1 2 3 4 |  4.3
Hexes          | 1 2 3 4 |  4.3
Summonings     | 1 2 3 4 |  4.3
Necromancy     | 1 2 3 4 |  4.3
Translocations | 1 2 3 4 |  4.3
Transmutations | 1 2 3 4 |  4.3
Fire Magic     | 1 2 3 4 |  4.3
Ice Magic      | 1 2 3 4 |  4.3
Air Magic      | 1 2 3 4 |  4.3
Earth Magic    | 1 2 3 4 |  4.3
Poison Magic   | 1 2 3 4 |  4.3
Fighting       | 5 6 7 |  7.0
Polearms       | 5 6 7 |  7.0
Dodging        | 5 6 7 |  7.0
Charms         | 6 7 |  7.0

Action                   |  1- 3 |  4- 6 |  7- 9 | 10-12 || total
-------------------------+-------+-------+-------+-------++-------
Melee: Spear             |    61 |    51 |       |       ||   112
       Bite              |     4 |    11 |    36 |    18 ||    69
       Trident           |       |    35 |   302 |    76 ||   413
       Punch             |       |     1 |     6 |     1 ||     8
 Cast: Infusion          |     3 |       |       |       ||     3
       Spectral Weapon   |     7 |    12 |    43 |    10 ||    72
       Shroud of Golubri |       |     5 |     9 |     4 ||    18
       Regeneration      |       |     4 |     8 |     1 ||    13
       Blink             |       |       |     6 |       ||     6
       Mephitic Cloud    |       |       |     3 |     1 ||     4
       Song of Slaying   |       |       |       |     1 ||     1
Evoke: Wand              |       |       |     1 |     2 ||     3
  Use: Scroll            |     3 |     4 |     7 |       ||    14
       Potion            |       |       |     2 |       ||     2
 Stab: Sleeping          |     2 |     4 |     2 |     2 ||    10
       Distracted        |     1 |       |     1 |     1 ||     3
       Confused          |       |       |     1 |     1 ||     2
  Eat: Ration            |       |     2 |     2 |       ||     4
Armor: Leather armour    |    10 |     5 |    37 |     5 ||    57
       Ring mail         |       |       |       |     4 ||     4
Dodge: Dodged            |    37 |    32 |   177 |    41 ||   287

Table legend:
 A = Non-vault XP
 B = Vault XP
 C = Vault XP percentage of total XP
 D = Non-vault monster count
 E = Vault monster count
 F = Vault count percentage of total count
                 A         B        C        D         E       F
            +---------+---------+-------+---------+---------+-------
      Total |    5816 |     995 |  14.6 |     151 |      35 |  18.8
            +---------+---------+-------+---------+---------+-------
        D:1 |       9 |       0 |   0.0 |       5 |       0 |   0.0
        D:2 |      37 |      14 |  27.5 |      15 |       1 |   6.2
        D:3 |      16 |       0 |   0.0 |       7 |       0 |   0.0
        D:4 |     253 |     114 |  31.1 |       9 |      31 |  77.5
        D:5 |     826 |     685 |  45.3 |      25 |       1 |   3.8
        D:6 |    1125 |       0 |   0.0 |      24 |       0 |   0.0
        D:7 |     417 |     182 |  30.4 |      16 |       2 |  11.1
        D:8 |     801 |       0 |   0.0 |      27 |       0 |   0.0
        D:9 |    1353 |       0 |   0.0 |      21 |       0 |   0.0
     Lair:1 |     979 |       0 |   0.0 |       2 |       0 |   0.0
            +---------+---------+-------+---------+---------+-------

Table legend:
 A = Turns spent in this place as a percentage of turns spent in the entire game.
 B = Non-inter-level travel turns spent in this place as a percentage of non-inter-level travel turns spent in the entire game.
 C = Inter-level travel turns spent in this place as a percentage of turns spent in this place.
 D = Turns resting spent in this place as a percentage of non-inter-level travel turns spent in this place.
 E = Turns spent auto-exploring this place as a percentage of non-inter-level travel turns spent in this place.
 F = Non-inter-level travel turns spent in this place divided by the number of levels of this place that you've seen.
                   A       B       C       D       E      F
               +-------+-------+-------+-------+-------+----------------------
         Total | 100.0 | 100.0 |   2.2 |   0.0 |   0.0 | 234.2
       Dungeon |  94.7 |  95.0 |   1.9 |   0.0 |   0.0 | 296.6
        Temple |   1.8 |   1.5 |  19.6 |   0.0 |   0.0 |  41.0
          Lair |   3.5 |   3.6 |   0.0 |   0.0 |   0.0 |  50.0
               +-------+-------+-------+-------+-------+----------------------

Table legend:
 A = Kills in this place as a percentage of kills in entire the game.
 B = Kills by you in this place as a percentage of kills by you in the entire game.
 C = Kills by friends in this place as a percentage of kills by friends in the entire game.
 D = Other kills in this place as a percentage of other kills in the entire game.
 E = Experience gained in this place as a percentage of experience gained in the entire game.
 F = Experience gained in this place divided by the number of levels of this place that you have seen.
                   A       B       C       D       E      F
               +-------+-------+-------+-------+-------+----------------------
         Total | 100.0 | 100.0 | 100.0 | 100.0 | 100.0 | 567.6
       Dungeon |  98.9 |  98.9 | 100.0 | 100.0 |  85.6 | 648.0
          Lair |   1.1 |   1.1 |   0.0 |   0.0 |  14.4 | 489.5
               +-------+-------+-------+-------+-------+----------------------

Vault maps used:
D:1:      matt_arrival_debris, minmay_3d_cube
D:2:      cheibrodos_old_hovel, nicolae_tso_swordbearing_angel,
          uniq_crazy_yiuf_cottage, uniq_natasha
D:3:      first_ration, uniq_jessica
D:4:      corexii_shantytown, lemuel_doored_altar, uniq_robin
D:5:      okawaru_metal_pillars_1_2, minmay_temple_entry_glassed_door,
          uniq_pikel
D:7:      kennysheep_little_box, uniq_duvessa
D:8:      nicolae_overflow_hidden_temple
D:9:      lair_entry_dummy, serial_shops, kennysheep_mini_moat,
          gammafunk_ghost_nasty_kobolds
Temple:   eino_temple_scatter_basement
Lair:1:   infiniplex_staircase_pool, lemuel_fruit_fields
Lair:2:   skrybe_swamp_entry_bodies, ebering_ghost_xom, serial_bayou_pond_b,
          serial_bayou_shore_a
